 Dungeon Crawl Stone Soup version 0.30.0-17-ge0270778cf (webtiles) character file.

Game seed: 17505069527094716806

2128144 tensugalgo the Acrobat (level 27, 228/228 HPs)
             Began as a Djinni Hedge Wizard on May 21, 2023.
             Was the Champion of Ashenzari.
             Escaped with the Orb
             ... and 4 runes on May 22, 2023!
             The game lasted 03:34:22 (79714 turns).

tensugalgo the Acrobat (Djinni Hedge Wizard)       Turns: 79714, Time: 03:34:22

Health: 228/228    AC: 19    Str: 15    XL:     27
Gold:   7083       EV: 39    Int: 29    God:    Ashenzari [******] SH: 16 Dex: 36

rFire   + + +        u - staff of earth "Cosmic Lifelessness" (curse) {rElec rF+ SInv, Self, Fort} (curse)
rCold   + . .        n - +0 buckler of the Lashed Soothsayer {rN+, Evo, Self} (curse)
rNeg    + . .        d - +6 scale mail of the Wild Blue Yonder {Regen+ Dex+5, Self, Cun} (curse)
rPois   ∞            C - +2 helmet of the Chained Heavens {Int+3, Cun, Fort} (curse)
rElec   +            Z - scarf of Ashenzari's Portent {rC+ rF+, Cun, Self} (curse)
rCorr   .            O - +0 pair of gloves of Curses and Power {Melee, Self} (curse)
SInv    +            (boots unavailable)
Will    +++..        v - amulet of the Tethered Paranoia {Reflect SH+5, Evo, Self} (curse)
Stlth   ++           l - ring of Supernal Understanding {Will+ Dex+6, Fort, Evo} (curse)
HPRegen 1.38/turn    m - ring of Ouranomancy {Drain rC+ Str+6 Dex+8, Cun, Self} (curse)
MPRegen 0.00/turn

%: reflection, clarity
@: flying, hasted, studying 2 skills, very quick
A: sickness immunity, fire resistance 2, cold vulnerability 1, float, innate
caster, HP casting, extra vitality 1, thin skeletal structure 1, deformed body,
dopey 1, mutation resistance 1
0: Orb of Zot
}: 4/15 runes: decaying, slimy, silver, gossamer
a: Renounce Religion, Shatter the Chains


You escaped.
You worshipped Ashenzari.
Ashenzari was exalted by your worship.
You visited 11 branches of the dungeon, and saw 53 of its levels.
You visited 1 bazaar.
You also visited: Gauntlet, Ice Cave and Wizlab.

You collected 7533 gold pieces.
You spent 450 gold pieces at shops.

Inventory:

Missiles
 o - 2 curare-tipped darts
 z - 7 boomerangs of dispersal
 V - 2 throwing nets
Armour
 a - the scarf of Ferocious Creativity {repulsion, rN++ Dex-5 SInv}
   (You found it on level 1 of the Elven Halls)

   Dex:       It affects your dexterity (-5).
   rN:        It greatly protects you from negative energy.
   SInv:      It lets you see invisible.
 d - the cursed +6 scale mail of the Wild Blue Yonder (worn) {Regen+ Dex+5, Self, Cun}
   (You found it on level 2 of the Depths)

   Dex:       It affects your dexterity (+5).
   Regen:     It increases your rate of health regeneration.
   It has a curse which improves the following skills: Introspection: Fighting
   and Spellcasting.
   Cunning:   Dodging and Stealth.
 n - the cursed +0 buckler of the Lashed Soothsayer (worn) {rN+, Evo, Self}
   (You took it off a tengu reaver on level 5 of the Vaults)

   It has a curse which improves the following skills: Evocations: Evocations.
   Introspection: Fighting and Spellcasting.
 C - the cursed +2 helmet of the Chained Heavens (worn) {Int+3, Cun, Fort}
   (You found it on level 4 of the Dungeon)

   It has a curse which improves the following skills: Cunning: Dodging and
   Stealth.
   Fortitude: Armour and Shields.
 O - the cursed +0 pair of gloves of Curses and Power (worn) {Melee, Self}
   (You found it on level 1 of the Lair of Beasts)

   It has a curse which improves the following skills: Melee Combat: Short
   Blades, Long Blades, Axes, Maces & Flails, Polearms, Staves and Unarmed
   Combat.
   Introspection: Fighting and Spellcasting.
 X - a +2 pair of gloves of stealth
 Z - the cursed scarf of Ashenzari's Portent (worn) {rC+ rF+, Cun, Self}
   (You found it in a Gauntlet)

   It has a curse which improves the following skills: Cunning: Dodging and
   Stealth.
   Introspection: Fighting and Spellcasting.
Magical Staves
 u - the cursed staff of earth "Cosmic Lifelessness" (weapon) {rElec rF+ SInv, Self, Fort}
   (You found it on level 4 of the Vaults)

   [staff of earth]

   Your inability to study Earth Magic prevents you from drawing on the full
   power of this staff in melee.
   Base accuracy: +5 Base damage: 5 Base attack delay: 1.2 This weapon's minimum
   attack delay (0.6) is reached at skill level 12.
   rF:        It protects you from fire.
   rElec:     It insulates you from electricity.
   SInv:      It lets you see invisible.
   It falls into the 'Staves' category.
   It is a one-handed weapon.
   It has a curse which improves the following skills: Introspection: Fighting
   and Spellcasting.
   Fortitude: Armour and Shields.
Jewellery
 b - a ring of protection from cold
 l - the cursed ring of Supernal Understanding (left hand) {Will+ Dex+6, Fort, Evo}
   (You took it off a tengu reaver on level 5 of the Vaults)

   [ring of dexterity]

   Dex:       It affects your dexterity (+6).
   Will:      It increases your willpower.
   It has a curse which improves the following skills: Fortitude: Armour and
   Shields.
   Evocations: Evocations.
 m - the cursed ring of Ouranomancy (right hand) {Drain rC+ Str+6 Dex+8, Cun, Self}
   (You found it on level 2 of the Swamp)

   [ring of strength]

   Str:       It affects your strength (+6).
   Dex:       It affects your dexterity (+8).
   rC:        It protects you from cold.
   Drain:     It drains your maximum health when unequipped.
   It has a curse which improves the following skills: Cunning: Dodging and
   Stealth.
   Introspection: Fighting and Spellcasting.
 v - the cursed amulet of the Tethered Paranoia (around neck) {Reflect SH+5, Evo, Self}
   (You found it on level 3 of the Dungeon)

   [amulet of reflection]

   It reflects blocked missile attacks.
   SH:        It affects your SH (+5).
   It has a curse which improves the following skills: Evocations: Evocations.
   Introspection: Fighting and Spellcasting.
Wands
 w - a wand of polymorph (19)
 y - a wand of flame (51)
 H - a wand of acid (33)
 L - a wand of roots (59)
 Q - a wand of paralysis (75)
 S - a wand of mindburst (24)
Scrolls
 g - 9 scrolls of enchant armour
 i - 23 scrolls of teleportation
 j - 3 scrolls of torment
 q - 16 scrolls of fog
 B - 11 scrolls of enchant weapon
 E - 9 scrolls of vulnerability
 F - 9 scrolls of brand weapon
 I - 5 scrolls of butterflies
 K - 9 scrolls of magic mapping
 N - 4 scrolls of blinking
 P - 8 scrolls of poison
 T - 3 scrolls of silence
 Y - 3 scrolls of fear
Potions
 c - 29 potions of curing
 e - 9 potions of mutation
 f - a potion of haste
 h - 12 potions of lignification
 k - 3 potions of invisibility
 r - 5 potions of might
 s - 3 potions of cancellation
 t - 12 potions of heal wounds
 x - 11 potions of ambrosia
 A - 11 potions of attraction
 J - 5 potions of resistance
 R - 2 potions of berserk rage
 U - 7 potions of brilliance
Miscellaneous
 p - a phial of floods
 M - a lightning rod (4/4)
 W - a phantom mirror


   Skills:
 - Level 20.7(27) Fighting
 - Level 2.3(7.3) Polearms
 - Level 10.2(12.8) Staves
 + Level 12.1(16.8) Armour
 - Level 22.8(27) Dodging
 - Level 5.6(11.0) Stealth
 + Level 11.0(15.7) Shields
 * Level 8.7(11.2) Unarmed Combat
 - Level 21.9(27) Spellcasting
 * Level 15.9(20.5) Evocations


You knew the following spells:

 Your Spells              Type           Power      Damage    Failure   Level
a - Magic Dart            Conj           100%       1d8       0%          1
b - Slow                  Hex            100%       N/A       0%          1
c - Blink                 Tloc           100%       N/A       0%          2
d - Call Imp              Summ           100%       N/A       0%          2
e - Mephitic Cloud        Conj/Pois/Air  100%       N/A       0%          3
f - Foxfire               Conj/Fire      100%       2x1d9     0%          1
g - Ensorcelled Hibernat  Hex/Ice        100%       N/A       0%          2
h - Vampiric Draining     Necr           100%       2d13      0%          3
i - Manifold Assault      Tloc           100%       N/A       0%          4
j - Agony                 Necr           100%       N/A       0%          5
k - Fireball              Conj/Fire      57%        3d22      0%          5
l - Eringya's Noxious Bo  Tmut/Pois      57%        N/A       0%          6
m - Spellforged Servitor  Conj/Summ      57%        N/A       1%          7
n - Summon Hydra          Summ           57%        N/A       1%          7
o - Dragon Form           Tmut           57%        N/A       1%          7
p - Enfeeble              Hex            57%        N/A       1%          7
q - Shatter               Erth           69%        3d51*     2%          9
r - Death's Door          Necr           57%        N/A       2%          9
Your spell library was empty.

Dungeon Overview and Level Annotations

Branches:
Dungeon (15/15)            Temple (1/1) D:7            Lair (5/5) D:10
  Swamp (4/4) Lair:3       Spider (4/4) Lair:3        Slime (5/5) Lair:5
    Orc (2/2) D:11            Elf (3/3) Orc:2        Vaults (5/5) D:14
  Crypt (0/3) Vaults:2     Depths (4/4) D:15            Zot (5/5) Depths:4
  IceCv (visited)          WizLab (visited)         Gauntlet (visited)

Altars:
Ashenzari
Cheibriados
Dithmenos
Elyvilon
Fedhas
Gozag
Hepliaklqana
Makhleb
Nemelex Xobeh
Okawaru
Qazlal
Ru
Trog
Uskayaw
Wu Jian
Xom
Yredelemnul
Zin
The Shining One
Jiyva

Shops:
D:1 [   D:3 [   D:9 :   D:14 !   Orc:2 :=**(:?:   Vaults:3 =   Vaults:4 (
Vaults:5 *   Depths:1 [

Portals:
Hell: Depths:2 Depths:3 Depths:4
Abyss: Depths:3
Pandemonium: Depths:2
Ziggurat: Depths:2
Trove: D:15 (give +4 demon blade)

Annotations:
D:13 1 runed translucent door, NoOffense's ghost, journeyman SpDe
Lair:1 3 runed translucent doors, P0WERM0DE's ghost, journeyman MeCK
Swamp:2 1 runed translucent door, Piask's ghost, adept FoAK
Orc:1 2 runed translucent doors, exclusion: orange crystal statue
Elf:2 6 runed translucent doors
Elf:3 6 transporters
Depths:1 exclusion: hell hog


Innate Abilities, Weirdness & Mutations

You are immune to sickness and miasma.
You are immune to poison.
Your flesh is very heat resistant. (rF++)
You are vulnerable to cold. (rC-)
You float through the air rather than walking.
You learn spells naturally, not from books.
Your magical power is your life essence.
You have superior vitality. (+4 MHP)
You have a somewhat thin skeletal structure. (Dex +2, Stealth+)
Armour fits poorly on your strangely shaped body.
You are dopey. (Int -2)
You are somewhat resistant to further mutation.


Message History

You kill the orange demon!
Ka-crash!
Unknown command.
You feel a surge of power!
The dungeon rumbles!
The cacodemon is almost dead.
Ka-crash!
The cacodemon gestures at you. The bolt of energy misses you.
Unknown command.
You feel a surge of power!
The dungeon rumbles!
You kill the cacodemon!
Ka-crash!
Unknown command.
(D) Dungeon (T) Temple (L) Lair (S) Swamp (N) Spider Nest (M) Slime Pits (O) Orcish Mines (E) Elven Halls (V) Vaults (C) Crypt (U) Depths (H) Hell (Z) Zot
Where to? (Enter - D:1, ? - help)
You see here a +0 trident.
There is a stone staircase leading up here.
You fly upwards.
There is a stone staircase leading down here.
You see here 5 stones.
There is an open door here.
HP restored.
Things that are here:
a stone; a +0 whip
There is a stone staircase leading up here.
You fly upwards.
There is a stone staircase leading down here.
Aiming: Dig
Press: ? - help, Shift-Dir - straight line A rock wall.
This square is covered in magical glow.
The rock shatters into small pieces.
The now-empty wand crumbles to dust.
You feel yourself speed up.
There is a staircase leading out of the dungeon here.
You have escaped!

#.............##.######.#
####.###########'#########
#...#.................#
#.###.#.###########.#.# ##.#
#.##.#.......#.##.# ####
##..###.#.#.###'###.#.#.# #...
##.....#.#.#.#.....#.#.#.# #.##
#.)..###.#.#.#.....#.#.#.#####.##
.....'.'.#.#.+..@..+.#.#.'.'.....
#....###.#.#.#.....#.#.#.########
##...# #.#.#.#.....#.#.#.#.......
##..# #.#.#.###+##..#.#.#.......
#..# #.##.#.........##.#..####.
#..# #.#.##########..#.#..# #.
#..# #.................#..# ##
#..# #########'######.##### #
#..# #.# #.##># #


There were no monsters in sight!

Vanquished Creatures
  Dissolution (Slime:2)
  Tiamat (Zot:3)
  6 ancient liches (Zot:5)
  3 orbs of fire
  4 dread liches
  A juggernaut (Depths:4)
  8 Killer Klowns
  Boris (twice) (Depths:4 Zot:1)
  Parghit (Zot:1)
  3 curse toes
  A caustic shrike (Depths:3)
  4 golden dragons
  A bone dragon (Depths:4)
  5 electric golems
  Arachne (Spider:2)
  11 tentacled monstrosities
  A walking earthen tome (Depths:3)
  2 liches
  26 Orb Guardians
  A deep elf blademaster (Elf:3)
  A deep elf master archer (Elf:3)
  24 acid blobs
  4 titans
  3 quicksilver dragons
  10 death cobs
  2 sphinxes
  5 tengu reavers (Vaults:5)
  6 shadow dragons
  3 draconian monks
  6 storm dragons
  12 azure jellies
  15 rockslimes
  4 fire giants
  2 iron dragons (Vaults:5)
  Roxanne (Spider:1)
  2 draconian knights
  5 emperor scorpions
  7 frost giants
  A deep elf elementalist (Elf:3)
  5 draconian scorchers
  6 deep elf sorcerers
  2 draconian stormcallers
  14 vault wardens
  5 draconian shifters
  9 ghost moths
  An orc warlord (Orc:2)
  16 very ugly things
  A cacodemon (D:3)
  2 spriggan defenders (Depths:1)
  A ghoul (Swamp:3)
  4 ironbound thunderhulks
  A draconian annihilator (Zot:1)
  9 ironbound preservers
  13 quicksilver oozes
  10 stone giants
  3 war gargoyles (Vaults:5)
  Nessos (D:13)
  4 green draconians
  7 deep elf demonologists
  5 black draconians
  A minotaur (Gauntlet)
  8 white draconians
  5 yellow draconians
  3 bunyips
  10 red draconians
  8 deep elf annihilators
  6 purple draconians
  5 ettins
  A fire dragon (Depths:3)
  A crystal guardian (Vaults:1)
  10 deep elf death magi
  2 deep elf high priests (Elf:3)
  16 yaktaur captains
  5 entropy weavers
  Josephine (D:13)
  A shambling mangrove (Swamp:4)
  12 great orbs of eyes
  3 ice dragons
  10 hydras
  3 ghost crabs
  5 rakshasas
  A hell beast (Zot:2)
  A hydra (shapeshifter) (Vaults:5)
  2 jorogumos
  A radroach (Spider:4)
  32 vault guards
  2 ogre magi
  5 centaur warriors
  4 ironbound frosthearts
  A catoblepas (Lair:5)
  3 spriggan air magi
  3 dancing weapons (Elf:3)
  4 two-headed ogres
  4 tengu warriors
  9 alligators
  A death knight (D:14)
  16 death yaks
  7 boulder beetles
  4 spriggan berserkers
  7 deep troll shamans
  8 deep troll earth magi
  9 deep elf knights
  2 soul eaters
  4 spriggans
  A sun demon (Zot:4)
  A sixfirhy (D:3)
  A salamander mystic (Depths:1)
  A shadow wraith (Vaults:5)
  Amaemon (D:9)
  5 pharaoh ants
  9 iron trolls
  A spark wasp zombie (Depths:1)
  13 skeletal warriors
  20 deep trolls
  4 glowing orange brains
  3 goliath frogs
  4 bog bodies
  8 orb spiders
  A flayed ghost (Vaults:5)
  5 spriggan druids
  4 lindwurms
  3 swamp dragons (Swamp:4)
  A spriggan simulacrum (IceCv)
  An obsidian statue (IceCv)
  8 wizards
  14 deep elf archers
  3 phantasmal warriors (Vaults:5)
  5 steelbarb worms
  16 ironbound convokers
  A wolf spider (shapeshifter) (Vaults:5)
  3 necromancers
  2 harpies (Vaults:2)
  A shining eye (shapeshifter) (Vaults:4)
  18 deep elf zephyrmancers
  4 shining eyes
  20 deep elf pyromancers
  A fire giant zombie (Depths:2)
  2 orc sorcerers
  5 orc knights
  2 human zombies (Vaults:3)
  5 will-o-the-wisps
  14 wolf spiders
  10 cyclopes
  5 manticores
  27 ugly things
  A guardian serpent (shapeshifter) (D:13)
  3 salamanders (Depths:1)
  31 elephants
  Maurice (D:11)
  16 moths of wrath
  12 vault sentinels
  2 ice statues (Spider:3)
  5 black mambas
  3 orange demons
  2 water nymphs (shapeshifter)
  4 torpor snails
  6 cane toads
  2 gargoyles
  4 eyes of devastation
  7 demonic crawlers
  2 minotaur zombies (Gauntlet)
  A spriggan zombie (Depths:1)
  6 rime drakes
  Maggie (Lair:2)
  Psyche (D:11)
  12 komodo dragons
  A storm dragon simulacrum (Depths:2)
  2 freezing wraiths
  A kobold demonologist (D:12)
  6 tengu conjurers
  29 yaktaurs
  2 anaconda simulacra (IceCv)
  A red devil (D:3)
  3 meliai (D:12)
  3 polar bears
  A troll (Orc:2)
  2 bloated husks
  3 hornets
  A meliai (shapeshifter) (Vaults:5)
  A queen bee (D:12)
  A merfolk (shapeshifter) (Elf:3)
  13 blink frogs
  8 tyrant leeches
  18 tarantellas
  19 dream sheep
  Sigmund (D:4)
  A slime creature (shapeshifter) (Vaults:5)
  14 culicivoras
  An air elemental (Elf:1)
  118 slime creatures
  A shadow (D:9)
  A shapeshifter (Elf:2)
  13 flying skulls (Gauntlet)
  9 water elementals
  3 wyverns
  14 jumping spiders
  10 wraiths
  A dire elephant simulacrum (IceCv)
  A basilisk (shapeshifter) (Vaults:5)
  22 yaks
  4 vampires (WizLab)
  6 fire elementals
  A human (Vaults:3)
  Grum (Lair:1)
  9 golden eyes
  5 basilisks
  A steam dragon (D:8)
  41 redbacks
  15 vampire mosquitoes
  A redback (shapeshifter) (Vaults:5)
  3 wargs
  2 harpy simulacra (IceCv)
  3 minotaur simulacra (IceCv)
  2 acid dragons
  10 swamp worms
  A water moccasin (shapeshifter) (D:13)
  9 water moccasins
  9 ice beasts
  3 swamp drakes
  2 sky beasts
  36 orc warriors
  4 black bears
  8 ogres
  2 alligator simulacra (IceCv)
  5 boggarts
  13 wolves
  21 centaurs
  4 kobold brigands
  13 bullfrogs
  A human skeleton (Vaults:3)
  A glowing shapeshifter simulacrum (Depths:2)
  2 necrophages
  5 scorpions
  11 wights
  3 deep troll simulacra (IceCv)
  5 troll zombies (WizLab)
  A lindwurm simulacrum (IceCv)
  35 killer bees
  4 howler monkeys
  3 electric eels (Lair:4)
  2 jellies
  2 hounds
  11 orc priests
  9 iguanas
  20 orc wizards
  2 ogre zombies (WizLab)
  A boggart simulacrum (D:15)
  A gnoll (shapeshifter) (D:15)
  3 gnolls (D:4)
  14 adders
  An ufetubus (D:5)
  3 worms
  3 dart slugs
  96 orcs
  6 bats
  7 endoplasms
  2 giant cockroaches (D:2)
  10 goblins
  3 hobgoblins
  4 jackals (D:4)
  16 kobolds
  4 quokkas
  9 ball pythons
  2 frilled lizards (D:3)
  4 rats
1801 creatures vanquished.

Vanquished Creatures (collateral kills)
  An ancient lich (WizLab)
  A caustic shrike (Depths:3)
  A golden dragon (Depths:3)
  the Enchantress (Depths:1)
  Rupert (Lair:3)
  A walking crystal tome (Depths:3)
  A deep elf blademaster (Elf:2)
  Asterion (Depths:2)
  An Orb Guardian (Zot:5)
  An ancient champion (WizLab)
  A deep elf master archer (Elf:3)
  Frances (Swamp:1)
  2 quicksilver dragons
  A death cob (Zot:4)
  A sphinx (Vaults:4)
  2 shadow dragons
  A deep elf sorcerer (Elf:3)
  A fenstrider witch (Swamp:4)
  2 fire giants (Depths:2)
  4 vault wardens
  3 emperor scorpions (Spider:4)
  An orc warlord (Vaults:1)
  A deep elf elementalist (Elf:3)
  A caustic shrike skeleton (Depths:1)
  5 ironbound preservers
  3 spriggan defenders
  3 ghouls
  8 very ugly things
  2 stone giants (Depths:2)
  2 ironbound thunderhulks
  A deep elf demonologist (Elf:3)
  A deep elf annihilator (Vaults:1)
  A bunyip (Swamp:3)
  A yellow draconian (Zot:4)
  A red draconian (Zot:5)
  2 blizzard demons (IceCv)
  An ettin (Depths:2)
  3 crystal guardians (Vaults:3)
  2 yaktaur captains
  2 shambling mangroves
  An entropy weaver (Vaults:1)
  A great orb of eyes (Vaults:4)
  2 vault guards (Vaults:3)
  5 fire dragons
  A deep elf high priest (Elf:3)
  11 hydras
  2 ice dragons (Depths:2)
  A caustic shrike simulacrum (IceCv)
  A ghost crab (Swamp:2)
  A rakshasa (Depths:1)
  3 peacekeepers
  2 boulder beetles (Depths:1)
  An ironbound frostheart (Vaults:3)
  2 spriggan air magi
  2 deep troll shamans (Depths:1)
  3 alligators
  A death scarab (Spider:4)
  2 deep troll earth magi (Depths:1)
  16 dancing weapons
  A spriggan berserker (Depths:2)
  A sun demon (Depths:1)
  2 deep elf knights (Elf:3)
  An iron troll (Depths:4)
  A pharaoh ant (Spider:4)
  3 skeletal warriors (WizLab)
  A goliath frog (Swamp:2)
  8 deep trolls
  A spriggan druid (Swamp:3)
  2 wizards (Vaults:4)
  4 ironbound convokers
  4 spriggan simulacra (IceCv)
  2 bog bodies (Swamp:2)
  5 swamp dragons (Swamp:4)
  4 orb spiders (Spider:4)
  4 lindwurms
  A deep elf archer (Elf:3)
  A necromancer (Depths:1)
  A phantasmal warrior (Vaults:1)
  An orc knight (Vaults:1)
  3 harpies (Vaults:2)
  2 deep elf zephyrmancers (Elf:1)
  A will-o-the-wisp (Swamp:3)
  2 deep elf pyromancers
  A fire giant zombie (Depths:1)
  A moth of wrath (Spider:1)
  15 ugly things
  6 wolf spiders (Spider:4)
  A frost giant skeleton (Depths:2)
  2 demonic crawlers
  5 vault sentinels
  9 yaktaurs
  2 freezing wraiths (IceCv)
  6 ice devils (IceCv)
  A tarantella (Spider:4)
  Prince Ribbit (D:7)
  6 tyrant leeches
  6 hornets
  2 spriggans (Swamp:3)
  6 jumping spiders
  7 slime creatures
  2 air elementals
  A culicivora (Spider:4)
  3 dire elephant simulacra (IceCv)
  A fire elemental (Elf:1)
  8 redbacks (Spider:4)
  4 vampire mosquitoes (Swamp:4)
  3 minotaur simulacra (IceCv)
  2 swamp worms
  A harpy simulacrum (IceCv)
  3 two-headed ogre zombies (WizLab)
  6 swamp drakes (Swamp:4)
  2 glowing shapeshifter skeletons (Vaults:3)
  2 alligator simulacra (IceCv)
  A boggart (Vaults:1)
  2 necrophages
  A bullfrog (D:7)
  7 deep troll simulacra (IceCv)
  2 earth elementals
  2 wights (WizLab)
  A lindwurm simulacrum (IceCv)
  2 troll zombies (WizLab)
  A killer bee (D:12)
  2 jellies
  An iguana (D:4)
  4 ogre zombies (WizLab)
  A gnoll (D:4)
  An orc (Vaults:3)
  A hobgoblin (D:4)
  8 foxfires
  A spectral weapon (Swamp:3)
337 creatures vanquished.

Vanquished Creatures (others)
  A deep elf knight (Elf:3)
  A wizard (Elf:1)
  A deep elf pyromancer (D:13)
  A jumping spider (Spider:4)
  A chaos spawn (Depths:1)
  A redback (Spider:3)
  A centaur (D:14)
  A nameless horror (Vaults:1)
  1550 foxfires
1558 creatures vanquished.

Grand Total: 3696 creatures vanquished

Notes
Turn   | Place    | Note
-------+----------+-------------------------------------------
     0 | D:1      | tensugalgo the Djinni Hedge Wizard began the quest for the
                  | Orb.
     0 | D:1      | tensugalgo set off with the following spells memorised:
                  | Magic Dart, Slow, Blink, Call Imp, Mephitic Cloud.
     0 | D:1      | Reached XP level 1. HP: 15/15 MP: 0/0
   185 | D:1      | Found Mavuihos's Armour Shoppe.
   210 | D:1      | Reached XP level 2. HP: 19/21 MP: 0/0
   745 | D:2      | Reached XP level 3. HP: 25/25 MP: 0/0
   745 | D:2      | Learned a level 1 spell: Foxfire
  1069 | D:2      | Reached XP level 4. HP: 27/31 MP: 0/0
  1436 | D:2      | You are sucked into a shaft and drop 1 floor!
  1447 | D:3      | Identified the ring "Sievoyh" {Drain Fly Int+4 Stlth+}
  1566 | D:3      | Found Xiarpham's Armour Shoppe.
  1645 | D:3      | Reached skill level 1 in Fighting
  1806 | D:3      | Reached XP level 5. HP: 37/37 MP: 0/0
  1806 | D:3      | Learned a level 2 spell: Ensorcelled Hibernation
  2110 | D:3      | Found a faded altar of an unknown god.
  2444 | D:4      | Noticed Sigmund
  2470 | D:4      | Killed Sigmund
  2471 | D:4      | Reached XP level 6. HP: 41/46 MP: 0/0
  2694 | D:4      | Reached XP level 7. HP: 46/50 MP: 0/0
  2694 | D:4      | Learned a level 3 spell: Vampiric Draining
  3000 | D:4      | Reached skill level 5 in Spellcasting
  3499 | D:5      | Entered Level 5 of the Dungeon
  3506 | D:5      | Reached XP level 8. HP: 54/58 MP: 0/0
  3550 | D:5      | Reached skill level 5 in Fighting
  3703 | D:5      | Found a glowing silver altar of Zin.
  3703 | D:5      | Found a hide-covered altar of Uskayaw.
  3713 | D:5      | Found a hazy altar of Hepliaklqana.
  3714 | D:5      | Found a faded altar of an unknown god.
  4387 | D:6      | Found a glowing golden altar of the Shining One.
  4665 | D:6      | Found a blossoming altar of Fedhas.
  4797 | D:7      | Reached XP level 9. HP: 66/67 MP: 0/0
  4797 | D:7      | Learned a level 4 spell: Manifold Assault
  5094 | D:7      | Found a staircase to the Ecumenical Temple.
  5096 | D:7      | Noticed Prince Ribbit
  5100 | Temple   | Entered the Ecumenical Temple
  5316 | D:7      | Found a broken altar of Ashenzari.
  5320 | D:7      | Became a worshipper of Ashenzari the Shackled
  5449 | D:7      | Identified the +8 trident "Ylan" {antimagic, Fragile rElec
                  | rPois Int+4}
  5651 | D:7      | Found a sacrificial altar of Ru.
  5683 | D:7      | Killed Prince Ribbit
  6277 | D:8      | Reached XP level 10. HP: 73/77 MP: 0/0
  6539 | D:8      | Reached skill level 3 in Dodging
  6605 | D:8      | Reached skill level 4 in Dodging
  6999 | D:8      | Found a runed translucent door.
  7069 | D:8      | Found a white marble altar of Elyvilon.
  7230 | D:8      | Found an ornate altar of the Wu Jian Council.
  7557 | D:9      | Identified the +8 quarterstaff of Gell {chaos, rC+ Will+}
  7753 | D:9      | Found Irphun's Book Shop.
  7784 | D:9      | Noticed Amaemon
  7784 | D:9      | Noticed an orange demon
  8047 | D:9      | Killed Amaemon
  8048 | D:9      | Reached skill level 5 in Dodging
  8065 | D:9      | Killed an orange demon
  8066 | D:9      | Reached skill level 10 in Fighting
  8669 | D:9      | Reached XP level 11. HP: 67/85 MP: 0/0
  8669 | D:9      | Learned a level 5 spell: Agony
  8933 | D:10     | Entered Level 10 of the Dungeon
  9115 | D:10     | Found a staircase to the Lair.
  9167 | D:10     | Noticed a two-headed ogre
  9172 | D:10     | Killed a two-headed ogre
  9238 | D:10     | Reached * piety under Ashenzari
 10065 | D:11     | Noticed a manticore
 10068 | D:11     | Noticed a centaur warrior
 10081 | D:11     | Killed a manticore
 10089 | D:11     | Killed a centaur warrior
 10090 | D:11     | Reached skill level 10 in Spellcasting
 10342 | D:11     | Noticed Maurice
 10357 | D:11     | Killed Maurice
 10427 | D:11     | Noticed a boulder beetle
 10430 | D:11     | Noticed Psyche
 10495 | Lair:1   | Entered Level 1 of the Lair of Beasts
 10609 | D:10     | Reached XP level 12. HP: 51/95 MP: 0/0
 10741 | Lair:1   | Reached skill level 1 in Staves
 10871 | Lair:1   | Noticed Grum
 10885 | Lair:1   | Killed Grum
 11002 | Lair:1   | Noticed P0WERM0DE's ghost (journeyman MeCK)
 11012 | Lair:1   | Noticed a minotaur
 11021 | Lair:1   | Found a runed translucent gate.
 11021 | Lair:1   | Found a runed translucent gate.
 11021 | Lair:1   | Found a runed translucent gate.
 11044 | Lair:1   | Reached ** piety under Ashenzari
 11793 | Lair:2   | Reached *** piety under Ashenzari
 12188 | Lair:2   | Noticed Maggie
 12257 | Lair:2   | Killed Maggie
 12395 | Lair:2   | Reached XP level 13. HP: 104/109 MP: 0/0
 12395 | Lair:2   | Learned a level 5 spell: Fireball
 12397 | Lair:2   | Reached skill level 1 in Armour
 12408 | Lair:2   | Reached skill level 6 in Dodging
 13027 | Lair:3   | Noticed Rupert
 13027 | Lair:3   | Noticed a six-headed hydra
 13274 | Lair:3   | Identified the +0 robe of Wuriucoocw {Will+ Regen+}
 13286 | Lair:3   | Found a hole to the Spider Nest.
 13575 | Lair:3   | Reached skill level 7 in Dodging
 14134 | Lair:4   | Identified the +6 rapier of Evolution {flame, Int+3}
 14433 | Lair:4   | Reached skill level 5 in Staves
 15048 | Lair:4   | You are sucked into a shaft and drop 1 floor!
 15048 | Lair:5   | Entered Level 5 of the Lair of Beasts
 15064 | Lair:5   | Reached skill level 8 in Dodging
 15075 | Lair:5   | Reached XP level 14. HP: 96/119 MP: 0/0
 15115 | Lair:5   | Found a gate leading to a gauntlet.
 15127 | Gauntlet | Entered a Gauntlet
 15127 | Gauntlet | Found a runed translucent door.
 15127 | Gauntlet | Found a transporter.
 15127 | Gauntlet | Found a runed translucent door.
 15127 | Gauntlet | Found a transporter.
 15188 | Gauntlet | Found a transporter.
 15192 | Gauntlet | Found a transporter.
 15200 | Gauntlet | Found a transporter.
 15204 | Gauntlet | Found a transporter.
 15212 | Gauntlet | Found a transporter.
 15231 | Gauntlet | Found a runed translucent door.
 15232 | Gauntlet | Found a transporter.
 15233 | Gauntlet | Found a runed translucent door.
 15249 | Gauntlet | Found a transporter.
 15253 | Gauntlet | Found a transporter.
 15262 | Gauntlet | Found a transporter.
 15266 | Gauntlet | Found a transporter.
 15822 | Gauntlet | Noticed a minotaur
 15839 | Gauntlet | Killed a minotaur
 15840 | Gauntlet | Reached skill level 9 in Dodging
 16356 | Lair:5   | Found a staircase to the Slime Pits.
 16356 | Lair:5   | Found a viscous altar of Jiyva.
 16369 | Lair:5   | Reached skill level 15 in Fighting
 16635 | Lair:5   | Reached **** piety under Ashenzari
 16669 | Lair:5   | Reached skill level 10 in Dodging
 17460 | Lair:5   | Reached XP level 15. HP: 105/127 MP: 0/0
 17460 | Lair:5   | Learned a level 6 spell: Eringya's Noxious Bog
 18335 | D:11     | Killed Psyche
 18556 | D:11     | Found a staircase to the Orcish Mines.
 18569 | D:11     | Identified a scroll of acquirement
 18712 | D:11     | Acquired the +7 lajatang of Order {silver, rMut}
 18712 | D:11     | Found the +7 lajatang of Order {silver, rMut}
 18838 | D:12     | Reached skill level 1 in Evocations
 20038 | D:13     | Noticed Nessos
 20041 | D:13     | Killed Nessos
 20178 | D:13     | Found a runed translucent door.
 20178 | D:13     | Noticed NoOffense's ghost (journeyman SpDe)
 20376 | D:13     | Reached skill level 11 in Dodging
 20870 | D:13     | Noticed Josephine
 20907 | D:13     | Killed Josephine
 21504 | D:14     | Found a burning altar of Makhleb.
 21586 | D:14     | Noticed an ironbound preserver
 21602 | D:14     | Killed an ironbound preserver
 22137 | D:14     | Found Vourphong's Distillery.
 22216 | D:14     | Found a gate to the Vaults.
 22746 | Orc:1    | Entered Level 1 of the Orcish Mines
 23076 | Orc:2    | Entered Level 2 of the Orcish Mines
 23084 | Orc:2    | Noticed an orc warlord
 23097 | Orc:2    | Killed an orc warlord
 23315 | Orc:2    | Found Voal's Jewellery Shoppe.
 23498 | Orc:2    | Reached XP level 16. HP: 116/135 MP: 0/0
 24010 | Orc:2    | Found a staircase to the Elven Halls.
 24036 | Orc:2    | Found Plog's Specific Store.
 24038 | Orc:2    | Found Butrositeo's General Store.
 24156 | Orc:1    | Found a runed translucent door.
 24165 | Orc:1    | Found the +10 tower shield of Ignorance {rN+ Int-4}
 24195 | Orc:1    | Found a runed translucent door.
 24588 | Orc:2    | Found Gutwiosu's Book Shop.
 24791 | Orc:2    | Found Ubbialam's Magic Scroll Shop.
 24791 | Orc:2    | Found Atyfeli's Book Emporium.
 24791 | Orc:2    | Found Tiroig's Weapon Shoppe.
 24794 | Orc:2    | Found Colam's Book Boutique.
 24798 | Orc:2    | Bought a scroll of blinking for 97 gold pieces
 24798 | Orc:2    | Bought a scroll of teleportation for 39 gold pieces
 25080 | D:15     | Entered Level 15 of the Dungeon
 26440 | D:15     | Reached skill level 5 in Evocations
 26443 | D:15     | Reached skill level 12 in Dodging
 27161 | D:15     | Found a portal to a secret trove of treasure.
 27263 | D:15     | Found a staircase to the Depths.
 27755 | D:15     | Reached ***** piety under Ashenzari
 28161 | Spider:1 | Entered Level 1 of the Spider Nest
 28484 | Spider:1 | Noticed an emperor scorpion
 28511 | Spider:1 | Killed an emperor scorpion
 28747 | Spider:1 | Identified Roxanne's Lectures on the Rocks
 28747 | Spider:1 | Noticed Roxanne
 29386 | Spider:1 | Reached XP level 17. HP: 132/148 MP: 0/0
 29386 | Spider:1 | Learned a level 7 spell: Spellforged Servitor
 30046 | Spider:1 | Killed Roxanne
 30636 | Spider:2 | Reached skill level 13 in Dodging
 30790 | Spider:2 | Noticed Arachne
 30802 | Spider:2 | Killed Arachne
 31995 | Spider:3 | Found a frozen archway.
 32014 | IceCv    | Entered an ice cave
 34405 | Spider:3 | Reached skill level 14 in Dodging
 34918 | Spider:4 | Entered Level 4 of the Spider Nest
 35835 | Spider:4 | Reached XP level 18. HP: 141/159 MP: 0/0
 36804 | Spider:4 | Reached skill level 15 in Dodging
 37006 | Spider:4 | Reached skill level 15 in Spellcasting
 37037 | Spider:4 | Identified the +1 battleaxe "Wilinih" {heavy, rElec rC-
                  | Str+6}
 37127 | Spider:4 | Got a gossamer rune of Zot
 37764 | Lair:3   | Killed Rupert
 37832 | Lair:3   | Acquired a manual of Stealth
 37863 | Lair:3   | Found a staircase to the Swamp.
 38130 | Swamp:1  | Entered Level 1 of the Swamp
 38130 | Swamp:1  | Identified the +0 chain mail "Ameedos" {rC+ Dex+3}
 38477 | Swamp:1  | Noticed Frances
 38492 | Swamp:1  | Killed Frances
 39023 | Swamp:2  | Reached skill level 1 in Shields
 39347 | Swamp:2  | Found a runed translucent door.
 39347 | Swamp:2  | Found a shimmering altar of Xom.
 39347 | Swamp:2  | Noticed Piask's ghost (adept FoAK)
 39347 | Swamp:2  | Identified the +7 rapier "Meurag" {heavy, rPois rC++ MP+9
                  | Int-2}
 39347 | Swamp:2  | Identified the staff of earth "Ryngeef" {+Blink}
 39347 | Swamp:2  | Identified the +8 scimitar of Lappu {antimagic, rPois rC+
                  | Int-3}
 39505 | Swamp:2  | Identified the ring of Cibleca {Drain rC+ Str+6 Dex+8}
 40081 | Swamp:3  | Reached XP level 19. HP: 120/167 MP: 0/0
 40081 | Swamp:3  | Learned a level 7 spell: Summon Hydra
 40526 | Swamp:3  | Reached skill level 16 in Dodging
 41260 | Swamp:4  | Entered Level 4 of the Swamp
 42340 | Swamp:4  | Got a decaying rune of Zot
 42983 | Vaults:1 | Entered Level 1 of the Vaults
 43207 | Vaults:1 | Reached skill level 17 in Dodging
 43731 | Vaults:1 | Reached XP level 20. HP: 164/178 MP: 0/0
 43947 | Vaults:1 | Identified the +0 robe of the Secret Towns {rN+}
 45727 | Vaults:2 | Found a staircase to the Crypt.
 45727 | Vaults:2 | Found a basalt altar of Yredelemnul.
 46913 | Vaults:2 | Identified the +2 war axe of the Exiled Quests {heavy, rN+
                  | Int+3 Stlth+}
 47037 | Vaults:2 | Reached skill level 18 in Dodging
 47150 | Vaults:2 | Reached ****** piety under Ashenzari
 48595 | Vaults:3 | Found Canlakur's Jewellery Boutique.
 48806 | Vaults:3 | Reached XP level 21. HP: 131/187 MP: 0/0
 48806 | Vaults:3 | Learned a level 7 spell: Dragon Form
 49013 | Vaults:2 | Identified the cursed scarf of Ashenzari's Portent {rC+
                  | rF+, Cun, Self} (You found it in a Gauntlet)
 49013 | Vaults:2 | Identified the cursed +2 helmet of the Chained Heavens
                  | {Int+3, Cun, Fort} (You found it on level 4 of the Dungeon)
 49013 | Vaults:2 | Identified the cursed +0 pair of gloves of Curses and Power
                  | {Melee, Self} (You found it on level 1 of the Lair of
                  | Beasts)
 49013 | Vaults:2 | Identified the cursed +0 buckler of the Wild Blue Yonder
                  | {Self, Melee} (You took it off a spriggan on level 3 of the
                  | Swamp)
 49013 | Vaults:2 | Identified the cursed +1 ring mail "Bound Together" {rC+,
                  | Range, Self} (You found it on level 13 of the Dungeon)
 49899 | Vaults:4 | Found Usosas's Antique Weapon Shoppe.
 50151 | Vaults:4 | Reached skill level 19 in Dodging
 50300 | Vaults:4 | Identified the staff of earth "Mast" {rElec rF+ SInv}
 50300 | Vaults:4 | Identified the Anthology of the Grisly Quake
 50307 | Vaults:4 | Paralysed by a sphinx for 4 turns
 50554 | Vaults:4 | Identified the +3 dagger of the Four Tales {pain, rF- Int+5
                  | Dex+4}
 50874 | Vaults:4 | Identified the +6 dagger "Vetim" {heavy, Int+2}
 51822 | Depths:1 | Entered Level 1 of the Depths
 52082 | Depths:1 | Found Jied's Antique Armour Emporium.
 52109 | Depths:1 | Noticed the Enchantress
 52421 | Depths:1 | Reached skill level 20 in Dodging
 52574 | Depths:1 | Reached XP level 22. HP: 139/194 MP: 0/0
 52703 | Depths:1 | Killed the Enchantress
 54637 | Elf:1    | Entered Level 1 of the Elven Halls
 54682 | Elf:1    | Reached skill level 21 in Dodging
 55192 | Elf:1    | Identified the scarf of Ferocious Creativity {repulsion,
                  | rN++ Dex-5 SInv}
 55937 | Elf:2    | Found a runed translucent door.
 56101 | Elf:2    | Found a hide-covered altar of Uskayaw.
 56440 | Elf:2    | Found a huge runed translucent gate.
 56441 | Elf:2    | Found a huge runed translucent gate.
 56441 | Elf:2    | Found a huge runed translucent gate.
 56442 | Elf:2    | Found a huge runed translucent gate.
 56444 | Elf:2    | Found a huge runed translucent gate.
 57042 | Elf:3    | Entered Level 3 of the Elven Halls
 57092 | Elf:3    | Found a transporter.
 57093 | Elf:3    | Found a transporter.
 57143 | Elf:3    | Found a flickering gateway to a bazaar.
 57204 | Bazaar   | Entered a bazaar
 57479 | Bazaar   | Found Ketheruh's Jewellery Boutique.
 57501 | Bazaar   | Found Gicoetz's Antique Armour Emporium.
 57506 | Bazaar   | Bought a smoking ring mail for 234 gold pieces
 57506 | Bazaar   | Identified the +0 ring mail of Hiyschuer {rPois Dex+2} (You
                  | bought it in a shop in a bazaar)
 57522 | Bazaar   | Found Ameudues's Book Boutique.
 57543 | Bazaar   | Found Suja's Antique Weapon Shoppe.
 57741 | Elf:3    | Found a transporter.
 57742 | Elf:3    | Found a transporter.
 57768 | Elf:3    | Reached XP level 23. HP: 188/201 MP: 0/0
 57768 | Elf:3    | Learned a level 7 spell: Enfeeble
 57851 | Elf:3    | Found a transporter.
 58211 | Elf:3    | Reached skill level 22 in Dodging
 58333 | Elf:3    | Found a transporter.
 58759 | Elf:3    | Identified the +5 battleaxe of Blood {heavy, Will+}
 60060 | Elf:3    | Identified the +6 short sword of the Brewing Gods {freeze,
                  | rPois}
 60075 | Elf:3    | Identified the ring "Umadeuk" {Fire Drain Slay+4}
 60352 | Elf:3    | Reached XP level 24. HP: 201/201 MP: 0/0
 60481 | Elf:3    | Identified the +10 sling of Luzxifem {heavy, Str+4 Int+9
                  | Dex+4 Stlth-}
 60487 | Elf:3    | Identified the staff of conjuration "Pyokh" {Int+6}
 60524 | Elf:3    | Identified the +1 dagger of the Forsaken Nightcaps
                  | {antimagic, rPois Str+2 Dex+2}
 60937 | Depths:2 | Found a gateway to Hell.
 61062 | Depths:2 | Found a one-way gateway to a ziggurat.
 61160 | Depths:2 | Reached skill level 1 in Polearms
 61562 | Depths:2 | Reached skill level 5 in Stealth
 62313 | Depths:2 | Noticed Asterion
 62323 | Depths:2 | Killed Asterion
 62413 | Depths:2 | Identified the cursed +1 buckler of Toth-Mos's Legacy
                  | {AC+3, Cun, Range} (You took it off the Enchantress on
                  | level 1 of the Depths)
 62563 | Depths:2 | Identified the +6 scale mail of Inquiry {Regen+ Dex+5}
 62724 | Depths:2 | Found a one-way gate leading to the halls of Pandemonium.
 62778 | Depths:3 | Found a magical portal.
 62787 | WizLab   | Entered Zonguldrok's Shrine
 63087 | WizLab   | Noticed an antique lich
 63088 | WizLab   | Found the +9 sword of Zonguldrok {reap}
 63097 | WizLab   | Killed an antique lich
 63264 | Depths:3 | Noticed a caustic shrike
 63278 | Depths:3 | Killed a caustic shrike
 63279 | Depths:3 | Reached skill level 5 in Armour
 63279 | Depths:3 | Reached XP level 25. HP: 204/211 MP: 0/0
 63279 | Depths:3 | Learned a level 9 spell: Shatter
 63344 | Depths:3 | Noticed a caustic shrike
 63354 | Depths:3 | Killed a caustic shrike
 63355 | Depths:3 | Reached skill level 5 in Shields
 63663 | Depths:3 | Found a one-way gate to the infinite horrors of the Abyss.
 63884 | Depths:4 | Entered Level 4 of the Depths
 63900 | Depths:4 | Found a gate to the Realm of Zot.
 63983 | Depths:4 | Noticed a juggernaut
 63988 | Depths:4 | Killed a juggernaut
 64209 | Depths:4 | Noticed Boris
 64211 | Depths:4 | Killed Boris
 65007 | Vaults:5 | Entered Level 5 of the Vaults
 65027 | Vaults:5 | Noticed a dread lich
 65029 | Vaults:5 | Killed a dread lich
 65030 | Vaults:5 | Reached skill level 10 in Evocations
 65032 | Vaults:5 | Reached XP level 26. HP: 156/221 MP: 0/0
 65034 | Vaults:5 | Identified the ring of Iniphoso {Will+ Dex+6}
 65039 | Vaults:5 | Noticed a dread lich
 65040 | Vaults:5 | Killed a dread lich
 65269 | Vaults:5 | Identified the +6 quarterstaff of the Gazing Dove {flame,
                  | Str+4 Int+4 SInv}
 65399 | Vaults:5 | Found Kiempukh's General Store.
 65407 | Vaults:5 | Bought a potion of heal wounds for 80 gold pieces
 65428 | Vaults:5 | Identified the ring of Zin's Favour {Ice Int+5}
 65979 | Vaults:5 | Got a silver rune of Zot
 66071 | Vaults:5 | Identified the +2 helmet of Xetz {Int+2}
 66072 | Vaults:5 | Identified the +6 scale mail of the Rose {rElec rPois}
 66481 | Slime:1  | Entered Level 1 of the Pits of Slime
 66600 | Slime:1  | Gained mutation: Your spells are a little easier to cast,
                  | but a little less powerful. [a shining eye]
 66601 | Slime:1  | Gained mutation: You are dopey. (Int -2) [a shining eye]
 67001 | Slime:2  | Noticed Dissolution
 67511 | Slime:2  | Gained mutation: Your body sometimes deteriorates upon
                  | taking damage. [a shining eye]
 67514 | Slime:2  | Killed Dissolution
 67597 | Slime:2  | Lost mutation: Your spells are a little easier to cast, but
                  | a little less powerful. [potion of mutation]
 67597 | Slime:2  | Lost mutation: Your body sometimes deteriorates upon taking
                  | damage. [potion of mutation]
 67597 | Slime:2  | Gained mutation: You have a somewhat thin skeletal
                  | structure. (Dex +2, Stealth+) [potion of mutation]
 70329 | Slime:5  | Entered Level 5 of the Pits of Slime
 70788 | Slime:4  | Reached XP level 27. HP: 154/228 MP: 0/0
 70788 | Slime:4  | Learned a level 9 spell: Death's Door
 71056 | Slime:5  | Noticed the Royal Jelly
 71063 | Slime:5  | the Royal Jelly changed into a rockslime shaped Royal Jelly
 71063 | Slime:5  | Noticed a rockslime shaped Royal Jelly
 71258 | Slime:5  | Killed a rockslime shaped Royal Jelly
 71760 | Slime:5  | Identified the +8 short sword "Sosiorie" {pain, rElec rF+
                  | Int+4}
 71761 | Slime:5  | Identified the +8 morningstar of Siviese {flame, rElec
                  | Dex+2}
 71761 | Slime:5  | Identified the +3 leather armour of Amelioration {rN+
                  | Str+2}
 71762 | Slime:5  | Identified the staff of cold "Haptumiph" {rElec rC+ rCorr}
 71762 | Slime:5  | Identified the +9 chain mail of Dramatic Exits {rC+}
 71768 | Slime:5  | Got a slimy rune of Zot
 71789 | Slime:5  | Identified the +6 rapier of Prescription {pain, *Corrode
                  | rN++ Int+3}
 72428 | Zot:1    | Entered Level 1 of the Realm of Zot
 72454 | Zot:1    | Noticed Parghit
 72525 | Zot:1    | Killed Parghit
 73945 | Zot:2    | Reached skill level 10 in Armour
 74690 | Zot:3    | Noticed a Killer Klown
 74693 | Zot:3    | Killed a Killer Klown
 74718 | Zot:3    | Reached skill level 10 in Staves
 74718 | Zot:3    | Found the +4 dragonskin cloak
 74718 | Zot:3    | Noticed Tiamat
 74836 | Zot:4    | Noticed an orb of fire
 75283 | Zot:3    | Killed Tiamat
 75589 | Zot:4    | Gained mutation: Armour fits poorly on your strangely
                  | shaped body. [an orb of fire]
 75590 | Zot:4    | Gained mutation: You are somewhat resistant to further
                  | mutation. [an orb of fire]
 75592 | Zot:4    | Killed an orb of fire
 75681 | Zot:4    | Identified the cursed +0 buckler of the Lashed Soothsayer
                  | {rN+, Evo, Self} (You took it off a tengu reaver on level 5
                  | of the Vaults)
 75825 | Zot:4    | Reached skill level 1 in Unarmed Combat
 75870 | Zot:4    | Noticed a Killer Klown
 75873 | Zot:4    | Killed a Killer Klown
 76442 | Zot:4    | Identified the +5 robe of Veameh {Will++ rCorr Slay-2
                  | Stlth+}
 76767 | Zot:5    | Entered Level 5 of the Realm of Zot
 77178 | Zot:5    | Noticed a Killer Klown
 77181 | Zot:5    | Killed a Killer Klown
 77443 | Zot:5    | Noticed a Killer Klown
 77444 | Zot:5    | Noticed an orb of fire
 77447 | Zot:5    | Killed a Killer Klown
 77450 | Zot:5    | Noticed an orb of fire
 77451 | Zot:5    | Noticed a Killer Klown
 77562 | Zot:5    | Killed an orb of fire
 77570 | Zot:5    | Noticed a dread lich
 77572 | Zot:5    | Noticed an ancient lich
 77585 | Zot:4    | Killed a Killer Klown
 77720 | Zot:5    | Killed an orb of fire
 77837 | Zot:5    | Noticed an ancient lich
 77840 | Zot:5    | Killed an ancient lich
 77840 | Zot:5    | Noticed a Killer Klown
 77841 | Zot:5    | Reached skill level 10 in Shields
 77841 | Zot:5    | Reached skill level 5 in Unarmed Combat
 77848 | Zot:5    | Killed a Killer Klown
 77849 | Zot:5    | Noticed a Killer Klown
 77851 | Zot:5    | Noticed an ancient lich
 77852 | Zot:5    | Noticed an ancient lich
 77854 | Zot:5    | Killed a Killer Klown
 77854 | Zot:5    | Killed an ancient lich
 77855 | Zot:5    | Killed an ancient lich
 77856 | Zot:5    | Noticed a Killer Klown
 77859 | Zot:5    | Killed a Killer Klown
 78007 | Zot:5    | Killed an ancient lich
 78012 | Zot:5    | Noticed an ancient lich
 78015 | Zot:5    | Killed an ancient lich
 78016 | Zot:5    | Reached skill level 15 in Evocations
 78035 | Zot:5    | Killed a dread lich
 78044 | Zot:5    | Noticed an ancient lich
 78045 | Zot:5    | Noticed a dread lich
 78046 | Zot:5    | Killed an ancient lich
 78047 | Zot:5    | Killed a dread lich
 79232 | Zot:5    | Got the Orb of Zot
 79318 | Zot:1    | Noticed Boris
 79320 | Zot:1    | Killed Boris
 79411 | Depths:1 | Noticed Vochisulex the pandemonium lord
 79714 | D:$      | Escaped with the Orb!

Illustrated notes

Levels and vault maps discovered:
D:1:      matt_arrival_los_fun, layout_loops_ring, serial_shops, shop
D:2:      layout_basic, minmay_door_square
D:3:      layout_loops_ring, serial_rivers, chequers_serial_rivers_small_b,
          chequers_serial_rivers_room_a, chequers_serial_rivers_micro_a,
          chequers_serial_rivers_large_a, dreamdust_ecumenical_altar_grove,
          serial_shops, shop, minivault_5
D:4:      layout_basic, nicolae_half_adder, uniq_sigmund
D:5:      layout_basic, chequers_temple_overflow_minitemple
D:6:      layout_cave_pools, fedhas_altar_4, lemuel_crystal_altar
D:7:      layout_loops_ring, kennysheep_mini, lemuel_doored_altar,
          minmay_temple_entry_wispy, uniq_prince_ribbit1
D:8:      layout_basic, elyvilon_altar_3, mainiacjoe_overflow_alcove_1,
          lightli_church_of_beogh
D:9:      layout_basic, serial_corexii_hall, corexii_hall_statues_u,
          corexii_hall_statues_l, serial_shops, shop, kennysheep_generic_room_8,
          uniq_amaemon
D:10:     layout_stronghold, hellmonk_lair_entry_icy
D:11:     layout_cave_pools, orc_0_dummy, uniq_maurice, uniq_psyche
D:12:     layout_roguey [special_room_bee]
D:13:     layout_basic, ebering_ghost_inner_flame, minmay_misc_feat_plants,
          uniq_josephine, uniq_nessos
D:14:     layout_basic, skrybe_vaults_entry_preservation, serial_shops,
          nicolae_shop_peninsula, bloody_makhleb
D:15:     hangedman_depths_entry_civil_slaughter, layout_long_grid,
          nicolae_trove_entry_free_sample, special_room [special_room_orc]
Temple:   chequers_temple_sunken
Lair:1:   layout_concentric_octagons, maelrawn_ghost_gauntlet_escape, uniq_grum
Lair:2:   beast_lair_carwin_large_3, layout_long_grid, lemuel_fruit_tree,
          serial_bayou_shore_b, grunt_megastairs_2, serial_bayou_shore_b,
          uniq_maggie
Lair:3:   layout_regular_city, skrybe_swamp_entry_bodies, spider_nest_entry_a,
          beast_lair_carwin_11, grunt_megastairs_5, uniq_rupert
Lair:4:   dragon1_lemuel, layout_layer_cave, serial_bayou, serial_bayou_pond_b,
          serial_bayou_lagoon_b, serial_bayou_pond_a, serial_bayou_shore_b,
          serial_bayou_lagoon_a, serial_bayou_pond_b,
          infiniplex_staircase_pool_2
Lair:5:   grunt_lair_end_beastmaster, layout_regular_city,
          nicolae_slime_entry_slimehenge, gauntlet_entry_generic,
          chequers_serial_rivers_room_a, grunt_forest_small_clearing_treed,
          grunt_megastairs_1
Swamp:1:  layout_basic_swamp, nicolae_swamp_tree_isthmus, uniq_frances
Swamp:2:  layout_basic_swamp, ebering_ghost_xom, basic_altar, swamp_pool4,
          nicolae_swamp_very_dense_foliage, infiniplex_staircase_pool
Swamp:3:  layout_falls_marsh, evilmike_swamp_ruin_house_3, swamp_pool3,
          hangedman_swamp_blocks
Swamp:4:  swamp, layout_basic_swamp, swamp_pool4, grunt_hermit_hut
Spider:1: layout_cave_pods, uniq_roxanne
Spider:2: layout_spider_delve, uniq_arachne
Spider:3: layout_spider_delve, portal_ice_cave_entry_ice_statue_two
Spider:4: grunt_spider_rune_circles
Slime:1:  layout_caves
Slime:2:  layout_caves, dissolution_awaits
Slime:3:  cheibrodos_slime_lost_civilization_10, layout_caves, special_room
          [special_room_jelly]
Slime:4:  layout_caves
Slime:5
Orc:1:    layout_caves, chequers_guarded_unrand_ignorance
Orc:2:    st_orc_rangers, layout_caves, serial_shops,
          nicolae_shop_hallway_stairs, shop, nicolae_specific_store,
          nicolae_orc_crystal_geode
Elf:1:    eino_elf_arrival_sip, layout_geoelf_grid, hangedman_elf_disciples,
          minmay_misc_feat_columns, minivault_25_ag
Elf:2:    elven_hall_of_blades_hangedman_alternative
          [nicolae_blade_entry_hurt_lockers], layout_rooms,
          columned_hall_lemuel, nicolae_danse_macabre, lemuel_upstairs_altar
Elf:3:    elf_hall, layout_geoelf_octagon, serial_shops, bzr_entry_customers,
          serial_nicolae_subway, nicolae_sub_station_crystal,
          nicolae_sub_station_metal, nicolae_sub_station_stone
Vaults:1: nicolae_vaults_offset_grid_hallway_4,
          nicolae_vaults_storage_room_water, nicolae_vaults_octagons,
          nicolae_vaults_network_barrier, nicolae_vaults_two_Ls, v_pattern_3,
          nicolae_vaults_theta, nicolae_vaults_little_squares_1,
          vaults_mumra_hexcomb, nicolae_vaults_little_squares_6,
          layout_vaults_omnicross
Vaults:2: nicolae_vaults_little_squares_4, vaults_mumra_lcd, v_misc_26,
          minmay_crypt_entry_necro_gods, nicolae_vaults_trapezoid_lopsided_2,
          vaults_room_corners, nicolae_vaults_yaktaur_gun_rack,
          nicolae_vaults_tetromino_T_1, v_misc_27, layout_vaults_omnigrid
Vaults:3: nicolae_vaults_turnstiles, nicolae_vaults_holding_cells,
          nicolae_vaults_tetromino_T_2, v_misc_23,
          hangedman_vaults_stretched_pinwheel,
          nicolae_vaults_variable_pillar_hall, v_misc_11, vaults_mumra_hex,
          nicolae_vaults_offset_grid_hallway_3, nicolae_vaults_hallways_thing,
          nicolae_vaults_tangram_1, vaults_room_large_hall, v_misc_29,
          v_alt_pattern_5, grunt_vaults_focal, nicolae_vaults_ellipses_ellipsis,
          nicolae_vaults_little_squares_4, vaults_room_stairs_pillars,
          layout_vaults_maze_snakey, serial_shops, nicolae_shop_gaudy_bauble
Vaults:4: nicolae_vaults_circle_grid_b, nicolae_vaults_museum,
          hangedman_vaults_capsules, v_misc_31, hangedman_vaults_nails,
          nicolae_vaults_circle_grid_a, ontoclasm_vaults_loading_screen,
          v_misc_22, nicolae_vaults_sesquioval_fish,
          nicolae_vaults_little_squares_6, layout_vaults_big_room, serial_shops,
          shop
Vaults:5
Depths:1: layout_gridlike, serial_shops, kennysheep_little_box, hellmouth_1,
          kennysheep_decorative_pillar, hangedman_stitches_earthworm,
          uniq_enchantress
Depths:2: wad_cavern_with_rooms, layout_cave_shapes, enter_ziggurat_d,
          rand_demon_pan_entry_9, hell_entry, minmay_splitting_lines,
          uniq_asterion
Depths:3: minmay_textured_paths, layout_cave_pools,
          infiniplex_enter_wizlab_glasses, abyss_entry,
          hangedman_tar_grid_catacomb
Depths:4: evilmike_zot_entry_basic, layout_cave_pools, grunt_hell_entry_dis_mu,
          serial_sigils_hangedman_gnaw, uniq_josephina, uniq_boris
Zot:1:    layout_gridville, uniq_parghit
Zot:2:    layout_onion
Zot:3:    layout_misc_corridors, uniq_tiamat
Zot:4:    layout_gridlike
Zot:5:    layout_basic, st_stairs_13

Skill      XL: |  1  2  3  4  5  6  7  8  9 10 11 12 13 14 15 16 17 18 19 20 21 22 23 24 25 26 27 |
---------------+----------------------------------------------------------------------------------+-----
Spellcasting   | 3 4 5 6 7 8 10 11 12 13 14 15 16 17 18 19 20 21 | 21.9
Fighting       | 1 3 4 6 8 10 12 13 14 15 16 17 18 19 20 | 20.7
Dodging        | 5 8 10 11 12 14 15 17 18 20 21 22 | 22.8
Staves         | 3 5 7 8 10 | 10.2
Armour         | 2 5 8 12 | 12.1
Stealth        | 3 5 |  5.6
Evocations     | 3 5 7 10 15 | 15.9
Shields        | 2 4 6 11 | 11.0
Polearms       | 2 |  2.3
Unarmed Combat | 8 |  8.7

Action                     |  1- 3 |  4- 6 |  7- 9 | 10-12 | 13-15 | 16-18 | 19-21 | 22-24 | 25-27 || total
---------------------------+-------+-------+-------+-------+-------+-------+-------+-------+-------++-------
  Melee: Staff             |       |       |    29 |       |       |       |       |       |    89 ||   118
         Trident           |       |       |    16 |   122 |   446 |   347 |   228 |   272 |    71 ||  1502
         Punch             |       |       |       |     1 |     5 |     4 |       |       |       ||    10
         Unarmed           |       |       |       |       |       |       |       |     4 |    30 ||    34
         Tailslap          |       |       |       |       |       |       |       |       |     7 ||     7
         Bite              |       |       |       |       |       |       |       |       |     4 ||     4
   Fire: Sling             |    39 |    19 |    20 |       |       |       |       |       |       ||    78
   Cast: Magic Dart        |    31 |       |       |       |       |       |       |       |       ||    31
         Foxfire           |    14 |    66 |   238 |   337 |   174 |    82 |       |       |       ||   911
         Ensorcelled Hiber |       |     6 |     7 |     9 |     1 |     3 |       |       |       ||    26
         Call Imp          |       |     4 |     5 |    14 |     1 |     4 |       |       |       ||    28
         Mephitic Cloud    |       |     1 |     3 |    30 |    59 |     6 |     2 |     2 |       ||   103
         Vampiric Draining |       |       |     4 |   119 |   150 |     5 |       |       |       ||   278
         Manifold Assault  |       |       |     3 |    11 |    20 |    32 |     6 |    15 |     8 ||    95
         Slow              |       |       |     1 |     2 |     2 |       |       |       |       ||     5
         Agony             |       |       |       |     2 |     6 |       |       |       |       ||     8
         Blink             |       |       |       |     1 |     3 |     3 |     6 |    12 |     8 ||    33
         Fireball          |       |       |       |       |   178 |   413 |   369 |   302 |    76 ||  1338
         Eringya's Noxious |       |       |       |       |     9 |    48 |    18 |    11 |     1 ||    87
         Spellforged Servi |       |       |       |       |       |    41 |    30 |    11 |     1 ||    83
         Summon Hydra      |       |       |       |       |       |       |    60 |    88 |    46 ||   194
         Dragon Form       |       |       |       |       |       |       |     1 |     2 |     3 ||     6
         Enfeeble          |       |       |       |       |       |       |       |     9 |    43 ||    52
         Shatter           |       |       |       |       |       |       |       |       |   671 ||   671
 Invoke: Curse Item        |       |       |     1 |     3 |     2 |     3 |     2 |     1 |     4 ||    16
         Shatter the Chain |       |       |       |       |     1 |     1 |       |     2 |     3 ||     7
Ability: End Transformatio |       |       |       |       |       |       |       |     1 |       ||     1
  Evoke: Wand              |       |       |       |       |    15 |       |       |       |    14 ||    29
         Phantom mirror    |       |       |       |       |     2 |     1 |     1 |       |     1 ||     5
         Phial of floods   |       |       |       |       |       |       |     1 |       |       ||     1
         Lightning rod     |       |       |       |       |       |       |       |       |     4 ||     4
    Use: Scroll            |       |     5 |     2 |     3 |     3 |     1 |     5 |     2 |     7 ||    28
         Potion            |       |     1 |       |       |     2 |     1 |     3 |     1 |    10 ||    18
   Stab: Confused          |       |       |       |     4 |    11 |     6 |       |       |       ||    21
         Sleeping          |       |       |       |     1 |     2 |       |     2 |     2 |     1 ||     8
         Paralysed         |       |       |       |       |    10 |       |       |       |       ||    10
         Distracted        |       |       |       |       |       |       |     2 |     2 |     3 ||     7
         Invisible         |       |       |       |       |       |       |       |       |    13 ||    13
 Armour: Robe              |     2 |     1 |    22 |    69 |   106 |       |       |       |       ||   200
         Skin              |       |    16 |       |       |       |       |       |       |       ||    16
         Ring mail         |       |       |       |       |    81 |   101 |    32 |    36 |       ||   250
         Acid dragon scale |       |       |       |       |    41 |       |       |       |       ||    41
         Scale mail        |       |       |       |       |       |       |       |     8 |    66 ||    74
  Dodge: Dodged            |    12 |    22 |    38 |   139 |   543 |   431 |   261 |   283 |   411 ||  2140
  Block: Other             |       |       |    15 |    58 |   147 |   101 |     8 |       |     3 ||   332
         Reflection        |       |       |       |     2 |    10 |     8 |    31 |     7 |    10 ||    68
         Buckler           |       |       |       |       |       |       |   153 |   186 |   217 ||   556
